 Dungeon Crawl Stone Soup version 0.27.0-66-gdc8fb28755 (webtiles) character file.

Game seed: 15226373363169354322

16368 Thatpatchoflichen the Fighter (level 12, -4/115 HPs)
             Began as a Purple Draconian Ice Elementalist on Aug 20, 2021.
             Was a Believer of Sif Muna.
             Slain by a freezing wraith (7 damage)
             ... in an ice cave.
             The game lasted 01:06:52 (16276 turns).

Thatpatchoflichen the Fighter (DrIE)               Turns: 16276, Time: 01:06:53

Health: -4/115     AC: 22    Str: 13    XL:     12   Next: 9%
Magic:  24/24      EV: 14    Int: 19    God:    Sif Muna [**....]
Gold:   592        SH:  0    Dex: 14    Spells: 13/27 levels left

rFire    x . .     SeeInvis +   K - +1 broad axe (flame)
rCold    + . .     Faith    .   (no shield)
rNeg     . . .     Spirit   .   (armour unavailable)
rPois    +         Reflect  .   l - +1 hat of the Countless Friends {Will++ Str+3 Slay+5}
rElec    .         Harm     .   H - +1 cloak
rCorr    .         Rampage  .   (no gloves)
Will     +++..                  g - +1 pair of boots "Tacyi" {rPois SInv}
Stlth    ++........             (no amulet)
HPRegen  0.29/turn              d - ring of poison resistance
MPRegen  0.19/turn              E - ring of ice

@: ice-armoured, slowed, very slow
A: breathe power, AC +8, unfitting armour, cold-blooded
a: Breathe Dispelling Energy, Renounce Religion, Channel Magic


You were in an ice cave.
You worshipped Sif Muna.
Sif Muna was pleased with you.
You visited 3 branches of the dungeon, and saw 13 of its levels.
You also visited: Ice Cave.

You collected 682 gold pieces.
You spent 90 gold pieces at shops.

Inventory:

Hand Weapons
 e - a +2 short sword of protection
 s - a +2 whip of freezing
 K - a +1 broad axe of flaming (weapon)
Missiles
 n - 77 poisoned darts
 o - 267 stones
 t - 2 boomerangs of dispersal
 D - 10 boomerangs
 F - 2 throwing nets
Armour
 g - the +1 pair of boots "Tacyi" (worn) {rPois SInv}
   (You acquired it on level 6 of the Dungeon)

   rPois:     It protects you from poison.
   SInv:      It lets you see invisible.
 l - the +1 hat of the Countless Friends (worn) {Will++ Str+3 Slay+5}
   (You acquired it on level 6 of the Dungeon)

   Str:       It affects your strength (+3).
   Slay:      It affects your accuracy & damage with ranged weapons and melee
   (+5).
   Will:      It greatly increases your willpower.
 H - a +1 cloak (worn)
Jewellery
 d - a ring of poison resistance (left hand)
 E - a ring of ice (right hand)
Wands
 j - a wand of digging (4)
 r - a wand of iceblast (5)
 x - a wand of charming (14)
 A - a wand of flame (34)
 C - a wand of paralysis (3)
 M - a wand of mindburst (17)
Scrolls
 a - 3 scrolls of fear
 b - a scroll of amnesia {unknown}
 h - a scroll of fog
 i - 3 scrolls of magic mapping
 q - 2 scrolls of noise {unknown}
 w - 2 scrolls of enchant weapon {unknown}
 y - 5 scrolls of teleportation
 G - a scroll of blinking {unknown}
 I - a scroll of brand weapon {unknown}
 L - 4 scrolls of identify
Potions
 c - 6 potions of curing
 f - a potion of might
 k - 3 potions of flight
 m - a potion of heal wounds
 p - 6 potions of berserk rage
 u - 2 potions of ambrosia
 v - a potion of cancellation
 z - 4 potions of attraction
 B - 3 potions of haste
 J - a potion of mutation {unknown}


   Skills:
 - Level 13.4 Fighting
 - Level 6.0 Dodging
 - Level 1.7 Stealth
 - Level 8.0 Spellcasting
 + Level 6.8 Conjurations
 - Level 2.0 Transmutations
 + Level 9.5 Ice Magic
 - Level 4.0 Air Magic
 - Level 2.0 Invocations


You had 13 spell levels left.
You knew the following spells:

 Your Spells              Type           Power      Damage    Failure   Level
a - Freeze                Ice            100%       1d11      1%          1
b - Frozen Ramparts       Ice            100%       1d12      1%          3
c - Ozocubu's Armour      Ice            60%        N/A       1%          3
d - Hailstorm             Conj/Ice       55%        3d12      3%          4
e - Wereblood             Tmut           15%        N/A       6%          2
f - Beastly Appendage     Tmut           30%        N/A       4%          1

Your spell library contained the following spells:

 Spells                   Type           Power      Damage    Failure   Level
 Static Discharge         Conj/Air       28%        N/A       1%          2
 Animate Skeleton         Necr           14%        N/A       9%          1
 Pain                     Necr           28%        1d5       9%          1
 Sublimation of Blood     Necr           3%         N/A       14%         2
 Spider Form              Tmut/Pois      5%         N/A       19%         3
 Vampiric Draining        Necr           3%         2d6       26%         3
 Lightning Bolt           Conj/Air       14%        1d27      26%         5
 Summon Hydra             Summ           3%         N/A       100%        7
 Maxwell's Capacitive Co  Air            11%        ∞         100%        8
 Chain Lightning          Conj/Air       14%        3d18      100%        9
 Fire Storm               Conj/Fire      10%        8d3       100%        9


Dungeon Overview and Level Annotations

Branches:
Dungeon (10/15)            Temple (1/1) D:6            Lair (2/6) D:10
  IceCv (1/1)
  Swamp: Lair:2-4    Shoals: Lair:2-4     Snake: Lair:2-4    Spider: Lair:2-4
    Orc: D:9-12

Altars:
Ashenzari
Cheibriados
Dithmenos
Elyvilon
Fedhas
Gozag
Hepliaklqana
Kikubaaqudgha
Makhleb
Nemelex Xobeh
Okawaru
Qazlal
Sif Muna
Trog
Uskayaw
Vehumet
Wu Jian
Xom
Yredelemnul
Zin
Lugonu

Shops:
D:5 =   D:9 ?*[

Portals:
Abyss: Lair:1

Annotations:
D:5 1 runed translucent door
Lair:1 2 transporters, shadowrider38's ghost, journeyman DsGl


Innate Abilities, Weirdness & Mutations

You can breathe bolts of dispelling energy.
Your rich purple scales are hard. (AC +8)
You cannot fit into any form of body armour.
You are cold-blooded and may be slowed by cold attacks.


Message History

You hit the freezing wraith but do no damage.
The freezing wraith is moderately damaged.
The freezing wraith hits you but does no damage.
The freezing wraith closely misses you.
The freezing wraith hits you but does no damage.
The freezing wraith hits you.
* * * LOW HITPOINT WARNING * * *
The freezing wraith drains your vigour!
You feel as though you will be slow longer.
The freezing wraith hits you but does no damage. x2
You slash the freezing wraith! You burn the freezing wraith.
The freezing wraith is severely damaged.
The freezing wraith hits you but does no damage.
The freezing wraith barely misses you. x2
The freezing wraith closely misses you.
Unknown command.
You slash the freezing wraith! You burn the freezing wraith.
The freezing wraith is almost destroyed.
The freezing wraith hits you.
* * * LOW HITPOINT WARNING * * *
The freezing wraith freezes you. You resist.
* * * LOW HITPOINT WARNING * * *
The freezing wraith closely misses you. The freezing wraith hits you.
* * * LOW HITPOINT WARNING * * *
The freezing wraith freezes you. You resist.
* * * LOW HITPOINT WARNING * * *
The freezing wraith hits you.
* * * LOW HITPOINT WARNING * * *
The freezing wraith drains your vigour!
You feel as though you will be slow longer.
The freezing wraith closely misses you. The freezing wraith hits you.
* * * LOW HITPOINT WARNING * * *
The freezing wraith drains your vigour!
You feel as though you will be slow longer.
You hit the freezing wraith but do no damage.
The freezing wraith is almost destroyed.
The freezing wraith hits you.
* * * LOW HITPOINT WARNING * * *
The freezing wraith freezes you! You resist.
You die...

.####.....##
## #......#
##....##
##...# ###
##..## ##.##
##..# ##...#
#..####....#
#...#...#..#
##.....##@.#
##...###W##
######..#
#..## #...
#...# #...#
#...# #..#


You could see a freezing wraith.

Vanquished Creatures
  Harold (D:8)
  3 two-headed ogres
  Pikel (D:7)
  Maurice (D:7)
  The ghost of robertstho the Chopper, a novice DDFi of Makhleb (D:5)
  A black mamba (Lair:1)
  3 cane toads
  Maggie (D:8)
  Psyche (D:9)
  3 komodo dragons (Lair:1)
  An ice devil (IceCv)
  A troll (D:6)
  Prince Ribbit (D:5)
  5 blink frogs (Lair:2)
  Sigmund (D:3)
  2 shadows
  13 yaks
  A wyvern (Lair:1)
  Grum (D:8)
  A basilisk (Lair:2)
  A steam dragon (D:7)
  2 death yak simulacra (IceCv)
  6 water moccasins
  2 orc warriors
  A sky beast (D:7)
  An ice beast (D:8)
  A black bear (D:9)
  2 necrophages
  6 wolves
  An ogre (D:5)
  4 centaurs
  2 phantoms
  Blork the orc (D:5)
  4 kobold brigands
  5 bullfrogs
  2 scorpions
  2 cane toad simulacra (IceCv)
  A water moccasin skeleton (D:5)
  2 wights (D:9)
  An elephant simulacrum (IceCv)
  A howler monkey (D:9)
  4 centaur zombies
  A bullfrog zombie (D:7)
  4 hounds
  2 orc priests
  5 iguanas
  5 orc wizards
  Natasha (thrice) (D:2)
  A scorpion zombie (D:5)
  A spriggan simulacrum (IceCv)
  2 troll simulacra (IceCv)
  2 polar bear simulacra (IceCv)
  2 wolf simulacra (IceCv)
  A killer bee zombie (D:8)
  A hound zombie (D:5)
  3 mummies (D:9)
  A hound skeleton (D:5)
  A howler monkey zombie (D:6)
  10 adders
  4 gnolls (D:6)
  A naga simulacrum (IceCv)
  2 white imps
  2 dart slugs
  A worm (D:2)
  16 orcs
  7 ball pythons
  9 endoplasms
  4 giant cockroaches
  4 goblins
  7 hobgoblins
  3 jackals (D:2)
  27 kobolds
  3 quokkas
  3 bats
  6 frilled lizards
  7 rats
246 creatures vanquished.

Vanquished Creatures (others)
  2 fungi
  8 plants
10 creatures vanquished.

Grand Total: 256 creatures vanquished

Notes
Turn   | Place    | Note
-------+----------+-------------------------------------------
     0 | D:1      | Thatpatchoflichen the Draconian Ice Elementalist began the
                  | quest for the Orb.
     0 | D:1      | Reached XP level 1. HP: 14/14 MP: 3/3
   355 | D:1      | Reached skill level 1 in Fighting
   355 | D:1      | Reached XP level 2. HP: 1/23 MP: 0/5
  1324 | D:2      | Reached XP level 3. HP: 28/28 MP: 6/6
  1362 | D:3      | Found a shimmering altar of Xom.
  1553 | D:2      | Noticed Natasha
  1560 | D:2      | Killed Natasha
  1561 | D:2      | Reached skill level 2 in Fighting
  1561 | D:2      | Reached XP level 4. HP: 36/36 MP: 4/8
  1609 | D:2      | Noticed Natasha
  1617 | D:2      | Killed Natasha
  1891 | D:2      | Noticed Natasha
  1902 | D:2      | Killed Natasha
  2309 | D:2      | Reached XP level 5. HP: 40/42 MP: 9/9
  2329 | D:2      | Found a white marble altar of Elyvilon.
  2670 | D:3      | Found a faded altar of an unknown god.
  2772 | D:3      | Learned a level 3 spell: Frozen Ramparts
  2776 | D:3      | Learned a level 3 spell: Ozocubu's Armour
  2990 | D:3      | Noticed Sigmund
  3070 | D:3      | Killed Sigmund
  3071 | D:3      | Reached skill level 3 in Fighting
  3071 | D:3      | Reached skill level 5 in Ice Magic
  3071 | D:3      | Reached XP level 6. HP: 33/51 MP: 2/11
  3740 | D:3      | Found an opulent altar of Gozag.
  4402 | D:4      | Reached skill level 1 in Conjurations
  4402 | D:4      | Your scales start taking on a rich purple colour.
  4402 | D:4      | Reached XP level 7. HP: 49/58 MP: 13/13
  4466 | D:4      | Found a hide-covered altar of Uskayaw.
  4636 | D:4      | Found a shimmering blue altar of Sif Muna.
  4642 | D:4      | Became a worshipper of Sif Muna the Loreminder
  4926 | D:5      | Entered Level 5 of the Dungeon
  5032 | D:5      | Found a sparkling altar of Nemelex Xobeh.
  5049 | D:5      | Reached skill level 4 in Fighting
  5117 | D:5      | Noticed Prince Ribbit
  5132 | D:5      | Killed Prince Ribbit
  5133 | D:5      | Reached skill level 5 in Spellcasting
  5200 | D:5      | Found a shadowy altar of Dithmenos.
  5525 | D:5      | Found a runed translucent door.
  5528 | D:5      | Noticed robertstho's ghost (novice DDFi)
  5546 | D:5      | Found Suchyd's Jewellery Shoppe.
  5690 | D:5      | Reached skill level 5 in Fighting
  5690 | D:5      | Reached XP level 8. HP: 68/68 MP: 10/16
  5825 | D:5      | Noticed Blork the orc
  5837 | D:5      | Killed Blork the orc
  6147 | D:5      | Found a runed translucent door.
  6928 | D:5      | Learned a level 4 spell: Hailstorm
  6984 | D:6      | Found a white marble altar of Elyvilon.
  6994 | D:6      | Identified 2 scrolls of acquirement
  7003 | D:6      | Acquired the +1 pair of boots "Tacyi" {rPois SInv}
  7040 | D:6      | Acquired the +1 hat of the Countless Friends {Will++ Str+3
                  | Slay+5}
  7138 | D:6      | Noticed a troll
  7175 | D:6      | Killed a troll
  7176 | D:6      | Reached skill level 6 in Fighting
  7176 | D:6      | Reached skill level 5 in Dodging
  7594 | D:6      | Found a staircase to the Ecumenical Temple.
  7625 | Temple   | Entered the Ecumenical Temple
  7696 | D:6      | Reached skill level 5 in Conjurations
  7851 | D:7      | Found a blossoming altar of Fedhas.
  7935 | D:7      | Found a glowing silver altar of Zin.
  8138 | D:7      | Reached XP level 9. HP: 75/75 MP: 11/18
  8511 | D:8      | Noticed Harold
  8539 | D:8      | Killed Harold
  8540 | D:8      | Reached skill level 7 in Fighting
  8756 | D:8      | Noticed a two-headed ogre
  8796 | D:7      | HP: 1/81 [two-headed ogre (5)]
  8799 | D:7      | Killed a two-headed ogre
  8800 | D:7      | Reached skill level 9 in Fighting
  8877 | D:7      | Reached * piety under Sif Muna
  9063 | D:8      | Noticed Maurice
  9064 | D:8      | Noticed Pikel
  9084 | D:7      | Killed Pikel
  9085 | D:7      | Reached skill level 10 in Fighting
  9085 | D:7      | Reached XP level 10. HP: 59/93 MP: 10/20
  9089 | D:7      | Killed Maurice
  9637 | D:8      | Reached skill level 11 in Fighting
  9652 | D:8      | Found an ornate altar of the Wu Jian Council.
  9717 | D:8      | Noticed Grum
  9731 | D:8      | Killed Grum
  9872 | D:8      | Reached skill level 12 in Fighting
  9934 | D:8      | Reached skill level 13 in Fighting
 10027 | D:8      | Learned a level 2 spell: Wereblood
 10029 | D:8      | Learned a level 1 spell: Beastly Appendage
 10081 | D:8      | Found a basalt altar of Yredelemnul.
 10205 | D:8      | Found a hazy altar of Hepliaklqana.
 10243 | D:9      | Found Otyo's Armour Boutique.
 10489 | D:9      | Found Xiogg's Magic Scroll Shop.
 10496 | D:9      | Bought 2 scrolls of identify for 48 gold pieces
 10496 | D:9      | Bought a scroll of fear for 42 gold pieces
 10523 | D:9      | Found a broken altar of Ashenzari.
 10541 | D:9      | Noticed a two-headed ogre
 10543 | D:9      | Noticed Psyche
 10545 | D:9      | Noticed Maggie
 10901 | D:9      | Found an iron altar of Okawaru.
 11020 | D:9      | Found Galoss's Assorted Antiques.
 11203 | D:8      | Killed Maggie
 11389 | D:9      | Reached XP level 11. HP: 92/107 MP: 21/21
 11508 | D:9      | Reached skill level 1 in Invocations
 11516 | D:9      | Noticed a two-headed ogre
 11529 | D:9      | Killed a two-headed ogre
 11529 | D:9      | Reached ** piety under Sif Muna
 11530 | D:9      | Reached skill level 1 in Transmutations
 11849 | D:9      | Killed a two-headed ogre
 12234 | D:10     | Entered Level 10 of the Dungeon
 12382 | D:9      | Killed Psyche
 12996 | D:10     | Found a staircase to the Lair.
 13019 | Lair:1   | Entered Level 1 of the Lair of Beasts
 14013 | Lair:1   | Reached skill level 1 in Air Magic
 14577 | Lair:1   | Found a one-way gate to the infinite horrors of the Abyss.
 14577 | Lair:1   | Noticed shadowrider38's ghost (journeyman DsGl)
 14582 | Lair:1   | Found a transporter.
 14584 | Lair:1   | Found a transporter.
 14585 | Lair:1   | Noticed a white ugly thing
 14589 | Lair:1   | Noticed a brown ugly thing
 14601 | Lair:1   | Noticed a red ugly thing
 14908 | D:5      | Killed robertstho's ghost
 15350 | Lair:2   | Reached XP level 12. HP: 90/115 MP: 24/24
 15504 | Lair:2   | Found a frozen archway.
 15518 | IceCv    | Entered an ice cave
 16276 | IceCv    | HP: 3/115 [freezing wraith (6)]
 16276 | IceCv    | Slain by a freezing wraith

Illustrated notes

Levels and vault maps discovered:
D:1:      wander_arrival_estate, layout_basic
D:2:      layout_loops_ring, basic_altar, chequers_serial_rivers_micro_e,
          uniq_natasha
D:3:      layout_basic, old_standard_altar, mainiacjoe_overflow_catwalk,
          hellmonk_ecumenical_altar_arch_garden, kennysheep_generic_room_16,
          uniq_sigmund
D:4:      layout_rooms, lemuel_tele_altar, nicolae_sif_muna_little_library
D:5:      layout_loops_ring, mainiacjoe_overflow_24_doors, kennysheep_mini_moat,
          ebering_ghost_sewer_f, nicolae_take_the_stairs,
          minmay_misc_feat_four_crosses, uniq_blork_the_orc, uniq_prince_ribbit1
D:6:      layout_cave_pools, mainiacjoe_overflow_surrounded_room,
          temple_fountains
D:7:      layout_rooms, fedhas_altar_2, mainiacjoe_overflow_small_starburst
D:8:      layout_cave_pools, worldfamousw_hep_ancestral_shrine,
          general_overflow_altar, nicolae_wu_jian_wuxing_cycle, uniq_pikel,
          uniq_grum, uniq_maurice, uniq_harold
D:9:      layout_stronghold, okawaru_trees_2, mainiacjoe_overflow_paths,
          serial_shops, shop, shop, shop_statue, minmay_misc_feat_columns,
          uniq_psyche, uniq_maggie
D:10:     layout_grid_maze, mainiacjoe_overflow_tiny_flanked, tso_metal_star,
          grunt_lair_entry_orc_guard_hut,
          kennysheep_orc_monster_closet_entryway, serial_undead,
          serial_undead_a, serial_undead_c, serial_undead_a, serial_undead_d,
          serial_undead_d, serial_undead_e, serial_shops, shop, uniq_urug
Temple:   corrupted_temple
Lair:1:   layout_regular_city, gammafunk_ghost_abyssal_escape,
          grunt_megastairs_5
Lair:2:   layout_roguey, portal_ice_cave_entry_pillars_2,
          chequers_serial_rivers_small_b, uniq_nergalle
IceCv:    ice_cave_small_necro

Skill      XL: |  1  2  3  4  5  6  7  8  9 10 11 12 |
---------------+-------------------------------------+-----
Dodging        | 2 3 4 5 6 |  6.0
Fighting       | 1 2 3 5 6 10 13 | 13.4
Spellcasting   | 3 4 5 6 7 8 |  8.0
Ice Magic      | 5 6 9 |  9.5
Conjurations   | 1 2 5 6 |  6.8
Invocations    | 2 |  2.0
Transmutations | 2 |  2.0
Air Magic      | 3 4 |  4.0
Stealth        | |  1.7

Action                   |  1- 3 |  4- 6 |  7- 9 | 10-12 || total
-------------------------+-------+-------+-------+-------++-------
Melee: Unarmed           |    25 |       |       |       ||    25
       Dagger            |    34 |       |       |       ||    34
       Tailslap          |     6 |    10 |    30 |    54 ||   100
       Short sword       |    37 |   139 |   271 |   311 ||   758
       Kick              |       |       |       |     4 ||     4
       Headbutt          |       |       |       |     3 ||     3
       Broad axe         |       |       |       |    43 ||    43
 Cast: Freeze            |    15 |    12 |    47 |    38 ||   112
       Frozen Ramparts   |       |     6 |    18 |    30 ||    54
       Ozocubu's Armour  |       |     4 |    11 |    26 ||    41
       Hailstorm         |       |       |     3 |     2 ||     5
       Beastly Appendage |       |       |       |     2 ||     2
       Wereblood         |       |       |       |     2 ||     2
  Use: Scroll            |       |       |    13 |     2 ||    15
       Potion            |       |       |     1 |       ||     1
 Stab: Sleeping          |     5 |     2 |     3 |     1 ||    11
       Distracted        |       |       |     1 |       ||     1
Armor: Skin              |    33 |    79 |   156 |   398 ||   666
Dodge: Dodged            |    84 |   142 |   258 |   466 ||   950
